 Dungeon Crawl Stone Soup version 0.19-a0-934-gf1df8d1 (webtiles) character file.

244 Gagarin the Skirmisher (level 6, -4/99 HPs)
             Began as an Ogre Berserker on July 7, 2016.
             Was a Priest of Trog.
             Slain by a worker ant (6 damage)
             ... on level 4 of the Dungeon.
             The game lasted 00:08:16 (3816 turns).

Gagarin the Skirmisher (Ogre Berserker)             Turns: 3816, Time: 00:08:18

Health: -4/99      AC:  3    Str: 30    XL:     6   Next: 10%
Magic:  6/6        EV:  8    Int:  6    God:    Trog [***...]
Gold:   149        SH:  7    Dex:  9    Spells: 0 memorised, 5 levels left

rFire  . . .     SeeInvis .     a - +0 mace
rCold  . . .     Gourm    .     b - +0 animal skin
rNeg   . . .     Faith    .     r - +0 shield
rPois  .         Spirit   .     (helmet restricted)
rElec  .         Dismiss  .     (no cloak)
rCorr  .         Reflect  .     (gloves unavailable)
SustAt .         Harm     .     (boots unavailable)
MR     .....                    (no amulet)
Stlth  ..........               (no ring)
                                (no ring)

@: berserking (expiring), lethally poisoned (-4 -> -15), very quick, not
resistant to hostile enchantments, extremely unstealthy
A: unfitting armour, tough skin 1
a: Berserk, Trog's Hand, Burn Spellbooks, Renounce Religion


You were on level 4 of the Dungeon.
You worshipped Trog.
Trog was most pleased with you.
You were very hungry.

You visited 1 branch of the dungeon, and saw 4 of its levels.

You collected 149 gold pieces.

Inventory:

Hand Weapons
 a - a +0 mace (weapon)
 g - a +0 dagger
Missiles
 n - 91 stones (quivered)
Armour
 b - a +0 animal skin (worn)
 r - a +0 shield (worn)
Scrolls
 d - a scroll of teleportation {unknown}
 e - 4 scrolls of identify {unknown}
 f - a scroll of random uselessness {unknown}
 h - 3 scrolls of magic mapping {unknown}
 k - 2 scrolls of immolation {unknown}
 o - a scroll of remove curse {unknown}
 q - a scroll of noise {unknown}
Potions
 i - a potion of brilliance {unknown}
 j - a potion of curing {unknown}
 m - a potion of might {unknown}
 p - 2 potions of invisibility {unknown}
Comestibles
 c - 4 bread rations
 l - 3 fruits
 s - 2 chunks of flesh


   Skills:
 + Level 5.3 Fighting
 + Level 5.3 Maces & Flails
 + Level 4.6 Dodging
 + Level 1.2 Stealth


You had 5 spell levels left.
You didn't know any spells.

Dungeon Overview and Level Annotations

Branches:
Dungeon (4/15)
 Temple: D:4-7

Altars:
Cheibriados
Pakellas
Trog

Annotations:
D:4 tstbtto's ghost, amateur HEFi


Innate Abilities, Weirdness & Mutations

You are too large for most types of armour.
You have tough skin. (AC +1)


Message History

* * * LOW HITPOINT WARNING * * *
You are more poisoned.
The worker ant poisons you!
You barely miss the worker ant.
You feel sick. Tstbtto's ghost hits you!
* * * LOW HITPOINT WARNING * * *
You block the worker ant's attack.
Unknown command.
You are too berserk!
You hit tstbtto's ghost.
Tstbtto's ghost is heavily damaged.
* * * LOW HITPOINT WARNING * * *
You feel sick. Tstbtto's ghost barely misses you.
You block the worker ant's attack.
You hit tstbtto's ghost.
Tstbtto's ghost is heavily damaged.
* * * LOW HITPOINT WARNING * * *
You feel sick. Tstbtto's ghost hits you.
* * * LOW HITPOINT WARNING * * *
The worker ant bites you.
You die...

##### #...#####
###...≈≈≈.##
##########..##≈≈≈≈≈.##
#...........#_≈≈.≈≈..#
#.#.##......##≈≈≈≈≈..#
#.#.##.#####...≈≈≈...#
#.#.##.# ###..)####.##
####.#.##.# #...@.....$#
..........##...aW####.##
#.........#)......
.....(....<......#.
#...#####.#......#.#
#...# #.##....># # ....#
#.#####..# #.#.. #..
#..# ###### ##


You could see a worker ant and tstbtto's ghost.

Vanquished Creatures
  A giant frog skeleton (D:4)
  An orc priest (D:3)
  Ijyb (D:3)
  7 adders
  3 worms (D:2)
  A dart slug (D:4)
  7 orcs
  6 giant cockroaches
  13 goblins
  10 hobgoblins
  3 quokkas (D:2)
  7 bats
  7 giant newts
  A jackal skeleton (D:3)
  10 kobolds
  8 rats
86 creatures vanquished.

Notes
Turn   | Place    | Note
-------+----------+-------------------------------------------
     0 | D:1      | Gagarin the Ogre Berserker began the quest for the Orb.
     0 | D:1      | Reached XP level 1. HP: 24/24 MP: 1/1
   201 | D:1      | Reached XP level 2. HP: 24/32 MP: 2/2
   977 | D:2      | Reached XP level 3. HP: 25/40 MP: 3/3
  1589 | D:2      | Reached ** piety under Trog
  1606 | D:2      | Reached XP level 4. HP: 21/49 MP: 4/4
  2673 | D:3      | Found an oddly glowing altar of Pakellas.
  2949 | D:3      | Reached XP level 5. HP: 51/55 MP: 5/5
  2960 | D:3      | Reached skill level 5 in Fighting
  2960 | D:3      | Reached skill level 5 in Maces & Flails
  3372 | D:3      | Noticed Ijyb
  3385 | D:3      | Killed Ijyb
  3385 | D:3      | Reached *** piety under Trog
  3385 | D:3      | Reached skill level 1 in Stealth
  3558 | D:3      | Found a bloodstained altar of Trog.
  3709 | D:4      | Reached XP level 6. HP: 42/66 MP: 6/6
  3794 | D:4      | Found a snail-covered altar of Cheibriados.
  3804 | D:4      | Noticed tstbtto's ghost (amateur HEFi)
  3816 | D:4      | HP: 2/99 [tstbtto's ghost (5)]
  3816 | D:4      | Slain by a worker ant

Vault maps used:
D:1:      shiori_arrival_oz, hex_large
D:2:      kennysheep_six_static_rooms, guppyfry_early_orc_mine
D:3:      grunt_pakellas_sulfur, trog_book, uniq_iyjb
D:4:      kb_forest_paths, kennysheep_slug_shrine, first_bread

Skill      XL: |  1  2  3  4  5 |
---------------+----------------+-----
Dodging        | 3 4 |  4.6
Fighting       | 5 |  5.3
Maces & Flails | 5 |  5.3
Stealth        | 1 |  1.2

Action                   |  1- 3 |  4- 6 || total
-------------------------+-------+-------++-------
Melee: Mace              |   128 |   159 ||   287
Throw: Stone             |       |     1 ||     1
Invok: Berserk           |     1 |     5 ||     6
 Stab: Sleeping          |     2 |     1 ||     3
       Distracted        |       |     1 ||     1
  Eat: Chunk             |     2 |    12 ||    14
Armor: Animal skin       |    27 |    53 ||    80
Dodge: Dodged            |    72 |    90 ||   162
Block: Shield            |       |     6 ||     6
